 Dungeon Crawl Stone Soup version 0.22-a0-469-gf26638a (webtiles) character file.

19938 protoss039 the Bludgeoner (level 12, -8/72 HPs)
             Began as a Gargoyle Fighter on June 12, 2018.
             Was a High Priest of Okawaru.
             Hit by a large rock thrown by a cyclops (28 damage)
             ... on level 12 of the Dungeon.
             The game lasted 00:46:40 (9750 turns).

protoss039 the Bludgeoner (Gargoyle Fighter)        Turns: 9750, Time: 00:46:41

Health: -8/72      AC: 25    Str: 26    XL:     12   Next: 74%
Magic:  19/19      EV:  7    Int: 11    God:    Okawaru [*****.]
Gold:   388        SH:  0    Dex: 17    Spells: 11/11 levels left

rFire    . . .     SeeInvis +   Q - +2 morningstar (protect)
rCold    . . .     Gourm    .   (no shield)
rNeg     + . .     Faith    .   u - +1 plate armour
rPois    ∞         Spirit   .   S - +0 helmet {SInv}
rElec    +         Reflect  .   E - +0 cloak
rCorr    .         Harm     .   (no gloves)
MR       .....                  (no boots)
Stlth    ..........             B - amulet of regeneration
HPRegen  0.62/turn              g - +6 ring of dexterity
MPRegen  0.16/turn              t - +5 ring of strength

@: no status effects
A: blurry vision 1, negative energy resistance 1, electricity resistance,
unbreathing, petrification resistance, rot immunity, AC +8
a: Heroism, Finesse, Renounce Religion


You were on level 12 of the Dungeon.
You worshipped Okawaru.
Okawaru was extremely pleased with you.
You were not hungry.

You visited 2 branches of the dungeon, and saw 13 of its levels.
You visited the Abyss 2 times.

You collected 760 gold pieces.
You spent 372 gold pieces at shops.

Inventory:

Hand Weapons
 a - a +3 flail
 Q - a +2 morningstar of protection (weapon)
 R - the +6 dire flail of Hahekhad {crush, rElec Dex+4}
   (You bought it in a shop on level 11 of the Dungeon)

   It inflicts extra damage upon your enemies.
   It affects your dexterity (+4).
   It insulates you from electricity.
Missiles
 m - 7 javelins (quivered)
Armour
 c - a +0 shield
 u - a +1 plate armour (worn)
 E - a +0 cloak (worn)
 S - a +0 helmet of see invisible (worn)
Jewellery
 b - an uncursed ring of resist corrosion
 g - a +6 ring of dexterity (left hand)
 t - a +5 ring of strength (right hand)
 x - an uncursed ring of positive energy
 B - an amulet of regeneration (around neck)
Wands
 s - a wand of iceblast (11)
 A - a wand of polymorph (29)
 D - a wand of enslavement (9)
 G - a wand of flame (22)
 M - a wand of clouds (5)
 O - a wand of random effects (33)
Scrolls
 h - 5 scrolls of teleportation
 i - a scroll of torment {unknown}
 j - 3 scrolls of magic mapping
 k - 5 scrolls of fear
 r - 7 scrolls of identify
 y - 2 scrolls of fog {unknown}
 F - a scroll of vulnerability
 H - 3 scrolls of remove curse
 J - a scroll of acquirement {unknown}
 L - a scroll of enchant armour
 N - 2 scrolls of blinking
 P - a scroll of amnesia {unknown}
 U - a scroll of noise {unknown}
Potions
 d - a potion of cancellation {unknown}
 e - 4 potions of lignification {unknown}
 l - a potion of magic {unknown}
 n - 6 potions of flight
 o - 3 potions of agility {unknown}
 p - 5 potions of heal wounds {unknown}
 q - 4 potions of brilliance {unknown}
 v - a potion of ambrosia {unknown}
 w - 2 potions of mutation {unknown}
 z - a potion of resistance {unknown}
 C - a potion of haste {unknown}
 K - a potion of berserk rage {unknown}
Comestibles
 f - 20 rations
 I - 12 chunks of flesh


   Skills:
 + Level 7.3 Fighting
 - Level 15.0 Maces & Flails
 * Level 7.3 Armour
 * Level 7.3 Shields
 - Level 10.0 Invocations


You had 11 spell levels left.
You didn't know any spells.
Your spell library contained the following spells:

 Spells                   Type           Power        Failure   Level  Hunger
 Confuse                  Hex            #.......     100%        3    ####...
 Summon Small Mammal      Summ           #...         99%         1    ##.....
 Summon Ice Beast         Ice/Summ       #.......     100%        4    #####..
 Call Imp                 Summ           #.......     99%         2    ###....
 Confusing Touch          Hex            #.....       99%         1    ##.....
 Call Canine Familiar     Summ           #.......     100%        3    ####...
 Metabolic Englaciation   Hex/Ice        #.........   100%        5    ######.
 Petrify                  Tmut/Erth      #.......     100%        4    #####..
 Summon Lightning Spire   Summ/Air       #.......     100%        4    #####..
 Summon Guardian Golem    Hex/Summ       #.......     100%        3    ####...
 Gell's Gravitas          Tloc           #.........   100%        3    ####...
 Yara's Violent Unravell  Hex/Tmut       #.........   100%        5    ######.


Dungeon Overview and Level Annotations

Branches:
Dungeon (12/15)            Temple (1/1) D:4            Lair (0/6) D:10
    Orc (0/2) D:10

Altars:
Ashenzari
Cheibriados
Dithmenos
Elyvilon
Fedhas
Gozag
Hepliaklqana
Kikubaaqudgha
Makhleb
Nemelex Xobeh
Okawaru
Qazlal
Ru
Sif Muna
Trog
Uskayaw
Vehumet
Wu Jian
Xom
Yredelemnul
Zin
The Shining One

Shops:
D:4 !??*%   D:11 (


Innate Abilities, Weirdness & Mutations

You are resistant to torment.
Your stone body is resilient. (AC +8)
You are immune to poison.
You resist negative energy. (rN+)
You are resistant to electric shocks. (rElec)
You can survive without breathing.
You are immune to petrification.
You are immune to rotting.
Scrolls take you a little longer to read.


Message History

Wield which item (- for none, * to show all)? (? for menu, Esc to quit)
Your +2 morningstar of protection hums with potential!
Q - a +2 morningstar of protection (weapon)
Unknown command.
A cyclops comes into view.
The cyclops shouts!
You hear a shout!
The cyclops throws a large rock.
The large rock hits you!!
You hear an angry hiss.
You see here a large rock.
A cyclops is nearby!
Found an escape hatch in the ceiling.
Okay, then.
Okay, then.
Okay, then.
Okay, then.
The cyclops throws a large rock.
The large rock hits you!
* * * LOW HITPOINT WARNING * * *
You see here a large rock.
You feel better.
The cyclops throws a large rock.
The large rock hits you!!
You die...

###.### ......# ......
..#.#.#####...... . #
#.#...)............ #.
#.#...####....$....
##.###.#...####........
.....#.#...........C.
...#.#.#).......##.#.#
........)....(..@?...#
#......#######.###......
#................ .....
#..#.#.####.##.### .#..
#. #...........# # #
#....#.####.##.#
...#.#.##.. <..
...#.#.##^# ...
...#.#.##.#


You could see a cyclops.

Vanquished Creatures
  An angel (Abyss:2)
  2 very ugly things
  Harold (D:11)
  3 two-headed ogres
  A tengu warrior (D:10)
  Sonja (D:11)
  A wretched star (Abyss:2)
  2 large abominations (Abyss:2)
  An oklob plant (D:10)
  A manticore (D:12)
  4 smoke demons
  A centaur skeleton (D:8)
  An orange demon (Abyss:2)
  A troll (D:10)
  A raiju (Abyss:2)
  4 hippogriffs
  A water elemental (D:11)
  Sigmund (D:5)
  Eustachio (D:5)
  A neqoxec (Abyss:2)
  5 yaks (D:10)
  Grum (D:10)
  2 phantoms
  5 ice beasts
  7 orc warriors
  5 black bears
  A necrophage (D:7)
  An ettin simulacrum (Abyss:2)
  12 centaurs
  5 ogres
  3 wolves (D:10)
  4 big kobolds
  4 bullfrogs
  A gnoll sergeant (D:9)
  2 scorpions (D:9)
  3 killer bees (D:8)
  An electric eel (D:11)
  A crimson imp (D:8)
  2 centaur zombies
  7 hounds
  4 bullfrog zombies
  6 starcursed masses (Abyss:2)
  6 orc priests
  A quasit (D:9)
  4 bullfrog skeletons
  3 jellies
  13 orc wizards
  Jessica (D:3)
  3 iguanas (D:9)
  7 worker ants
  A hound skeleton (D:8)
  A hound zombie (D:7)
  2 worker ant zombies
  9 adders
  7 gnolls
  4 shadow imps
  2 oozes (D:5)
  An adder zombie (D:9)
  3 adder skeletons
  A worm (D:3)
  3 dart slugs
  9 leopard geckos
  44 orcs
  6 bats
  5 giant cockroaches
  4 goblins
  4 hobgoblins
  8 jackals
  A quokka (D:2)
  A ball python (D:1)
  3 frilled lizards
  30 kobolds
  A leopard gecko skeleton (D:6)
  2 quokka skeletons
  9 rats
  A plant (D:10)
312 creatures vanquished.

Notes
Turn   | Place    | Note
-------+----------+-------------------------------------------
     0 | D:1      | protoss039 the Gargoyle Fighter began the quest for the Orb.
     0 | D:1      | Reached XP level 1. HP: 14/14 MP: 1/1
    51 | D:1      | Reached XP level 2. HP: 19/19 MP: 2/2
   881 | D:2      | Reached XP level 3. HP: 23/24 MP: 3/3
   950 | D:2      | Found a blossoming altar of Fedhas.
  1016 | D:2      | Reached skill level 3 in Maces & Flails
  1443 | D:2      | Reached XP level 4. HP: 25/30 MP: 4/4
  1940 | D:3      | Found a sacrificial altar of Ru.
  2044 | D:3      | Noticed a black bear
  2051 | D:3      | Killed a black bear
  2051 | D:3      | Reached skill level 5 in Fighting
  2051 | D:3      | Reached skill level 4 in Maces & Flails
  2051 | D:3      | Reached XP level 5. HP: 28/35 MP: 5/5
  2337 | D:3      | Noticed Jessica
  2342 | D:3      | Killed Jessica
  2400 | D:3      | Reached XP level 6. HP: 39/40 MP: 6/6
  2654 | D:4      | Found an ornate altar of the Wu Jian Council.
  2897 | D:4      | Reached skill level 5 in Maces & Flails
  3096 | D:4      | Found Iney's Assorted Antiques.
  3191 | D:4      | Found Yfus's Magic Scroll Emporium.
  3195 | D:4      | Bought a scroll of remove curse for 42 gold pieces
  3249 | D:4      | Reached skill level 6 in Maces & Flails
  3249 | D:4      | Reached XP level 7. HP: 31/45 MP: 7/7
  3388 | D:4      | Found a staircase to the Ecumenical Temple.
  3404 | Temple   | Entered the Ecumenical Temple
  3476 | Temple   | Became a worshipper of Warmaster Okawaru
  3538 | D:4      | Found Xaraisk's Food Shop.
  3604 | D:4      | Found Ysoll's Magic Scroll Shop.
  3608 | D:4      | Bought a scroll of identify for 24 gold pieces
  3675 | D:4      | Found Vuutuec's Distillery.
  3686 | D:4      | Bought a potion of flight for 36 gold pieces
  3741 | D:5      | Entered Level 5 of the Dungeon
  3769 | D:5      | Reached skill level 1 in Invocations
  3869 | D:5      | Noticed Sigmund
  3883 | D:5      | Killed Sigmund
  3883 | D:5      | Reached * piety under Okawaru
  3883 | D:5      | Reached skill level 7 in Maces & Flails
  3934 | D:5      | Noticed Eustachio
  3944 | D:5      | Reached XP level 8. HP: 51/51 MP: 6/10
  3961 | D:5      | Killed Eustachio
  3961 | D:5      | Reached ** piety under Okawaru
  3961 | D:5      | Reached skill level 8 in Maces & Flails
  4380 | D:6      | Reached skill level 9 in Maces & Flails
  4522 | D:6      | Found a glowing golden altar of the Shining One.
  4550 | D:6      | Reached skill level 5 in Invocations
  4550 | D:6      | Reached XP level 9. HP: 55/55 MP: 12/12
  4624 | D:6      | Reached *** piety under Okawaru
  5311 | D:7      | Reached skill level 10 in Maces & Flails
  5377 | D:7      | Reached **** piety under Okawaru
  5999 | D:8      | Reached skill level 11 in Maces & Flails
  6035 | D:8      | Reached XP level 10. HP: 58/60 MP: 15/15
  6579 | D:8      | Found an opulent altar of Gozag.
  6579 | D:8      | Found a hide-covered altar of Uskayaw.
  6917 | D:9      | Noticed a two-headed ogre
  6930 | D:9      | Killed a two-headed ogre
  6930 | D:9      | Reached ***** piety under Okawaru
  6930 | D:9      | Reached skill level 12 in Maces & Flails
  7648 | D:9      | Found a hazy altar of Hepliaklqana.
  7707 | D:10     | Entered Level 10 of the Dungeon
  7758 | D:10     | Found a staircase to the Orcish Mines.
  7801 | D:10     | Noticed Grum
  7830 | D:10     | Reached skill level 13 in Maces & Flails
  7836 | D:10     | Reached XP level 11. HP: 38/64 MP: 10/17
  7846 | D:10     | Killed Grum
  8134 | D:10     | Found a staircase to the Lair.
  8134 | D:10     | Noticed an oklob plant
  8165 | D:10     | Killed an oklob plant
  8343 | D:10     | Noticed a tengu warrior
  8365 | D:10     | Killed a tengu warrior
  8365 | D:10     | Reached skill level 10 in Invocations
  8724 | D:11     | Noticed a two-headed ogre
  8739 | D:11     | Killed a two-headed ogre
  8739 | D:11     | Reached skill level 14 in Maces & Flails
  8860 | D:11     | Noticed Sonja
  8869 | D:11     | Cast into level 2 of the Abyss (Sonja)
  8910 | Abyss:2  | Received a gift from Okawaru
  8926 | Abyss:2  | Noticed a wretched star
  8934 | Abyss:2  | Noticed an angel
  8935 | Abyss:2  | Killed a wretched star
  8935 | Abyss:2  | Reached ****** piety under Okawaru
  8973 | Abyss:2  | Killed an angel
  8973 | Abyss:2  | Reached skill level 15 in Maces & Flails
  8998 | Abyss:2  | Noticed a starcursed mass
  9002 | Abyss:2  | Noticed a large abomination
  9015 | Abyss:2  | Killed a large abomination
  9017 | Abyss:2  | Killed a starcursed mass
  9017 | Abyss:2  | Reached XP level 12. HP: 32/69 MP: 12/19
  9026 | Abyss:2  | Killed a starcursed mass
  9044 | Abyss:2  | Noticed a purple very ugly thing
  9044 | Abyss:2  | Noticed a purple very ugly thing
  9047 | Abyss:2  | Noticed a purple very ugly thing
  9071 | Abyss:2  | Gained mutation: Scrolls take you a little longer to read. [a neqoxec]
  9188 | D:11     | Escaped the Abyss
  9240 | D:11     | Reached skill level 5 in Shields
  9243 | D:11     | Reached skill level 5 in Armour
  9251 | D:11     | Found Velaat's Antique Weapon Boutique.
  9314 | D:11     | Bought a crude dire flail for 270 gold pieces
  9402 | D:11     | Cast into level 1 of the Abyss (Sonja)
  9403 | Abyss:1  | Noticed a cyan very ugly thing
  9403 | Abyss:1  | Noticed a purple very ugly thing
  9427 | Abyss:1  | Killed a purple very ugly thing
  9427 | Abyss:1  | Received a gift from Okawaru
  9431 | D:11     | Escaped the Abyss
  9434 | D:11     | Killed Sonja
  9453 | D:11     | Killed a purple very ugly thing
  9502 | D:11     | Noticed Harold
  9516 | D:11     | Killed Harold
  9535 | D:11     | Found a shimmering altar of Xom.
  9626 | D:11     | Identified the +6 dire flail of Hahekhad {crush, rElec Dex+4} (You bought it in a shop on level 11 of the Dungeon)
  9685 | D:12     | Noticed a two-headed ogre
  9706 | D:12     | Killed a two-headed ogre
  9750 | D:12     | Hit by a large rock thrown by a cyclops

Vault maps used:
D:1:      lightli_arrival_maybe_door_vault, supply_closet_lemuel
D:2:      lemuel_crystal_altar
D:3:      nicolae_ru_the_path_less_chosen, minmay_box_of_dots, uniq_jessica
D:4:      nicolae_overflow_crystal_walls, minmay_temple_entry_purple_smoke,
          serial_shops, shop, shop, kennysheep_mini, shop, shop, first_ration
D:5:      kennysheep_generic_room_15, uniq_eustachio, uniq_sigmund
D:6:      old_standard_altar
D:8:      gammafunk_temple_overflow_wave
D:9:      kennysheep_ambush_hall, marbit_many_paths
D:10:     dpeg_oklobed_lair, orc_david_3, serial_column_ruins,
          column_ruins_courtyard_long, column_ruins_hut,
          column_ruins_corridor_corner, column_ruins_corridor_corner,
          column_ruins_grid_2, column_ruins_grid_1, column_ruins_open_tiny,
          grunt_tengu_nest, uniq_grum
D:11:     serial_shops, shop, basic_altar, uniq_harold, uniq_sonja
D:12:     cheibrodos_quadrivalence
Temple:   regret_index_temple_waves

Skill      XL: |  1  2  3  4  5  6  7  8  9 10 11 12 |
---------------+-------------------------------------+-----
Fighting       | 4 5 7 |  7.3
Maces & Flails | 3 4 6 7 9 11 13 15 | 15.0
Invocations    | 2 5 7 9 10 | 10.0
Shields        | 7 |  7.3
Armour         | 7 |  7.3

Action                   |  1- 3 |  4- 6 |  7- 9 | 10-12 || total
-------------------------+-------+-------+-------+-------++-------
Melee: Flail             |   124 |   230 |   344 |   497 ||  1195
       Unarmed           |       |     2 |       |       ||     2
       Morningstar       |       |       |       |   182 ||   182
       Dire flail        |       |       |       |    35 ||    35
Throw: Javelin           |       |       |       |    10 ||    10
Invok: Heroism           |       |       |     3 |    12 ||    15
       Finesse           |       |       |       |     8 ||     8
Evoke: Wand              |       |       |       |     1 ||     1
  Use: Scroll            |       |    11 |     2 |     3 ||    16
       Potion            |       |       |     1 |    14 ||    15
  Eat: Chunk             |     2 |     6 |     9 |    13 ||    30
Armor: Scale mail        |    61 |       |       |       ||    61
       Plate armour      |    14 |   188 |   218 |   414 ||   834
Dodge: Dodged            |    32 |    31 |    52 |   157 ||   272
Block: Shield            |    71 |   106 |   165 |   343 ||   685

Table legend:
 A = Spawn XP
 B = Non-spawn XP
 C = Spawn XP percentage of total XP
 D = Spawn monster count
 E = Non-spawn monster count
 F = Spawn count percentage of total count
 G = Total turns spent on level
                    A         B        C        D         E        F      G
               +---------+---------+-------+---------+---------+-------+---------
         Total |    6514 |   21970 |  22.9 |       9 |     302 |   2.9 |  9750
               +---------+---------+-------+---------+---------+-------+---------
           D:1 |       0 |      33 |   0.0 |       0 |      21 |   0.0 |   951
           D:2 |       0 |      59 |   0.0 |       0 |      16 |   0.0 |   942
           D:3 |       0 |     372 |   0.0 |       0 |      24 |   0.0 |   928
           D:4 |       0 |     233 |   0.0 |       0 |      10 |   0.0 |   822
           D:5 |       0 |    1233 |   0.0 |       0 |      23 |   0.0 |   571
           D:6 |       0 |     494 |   0.0 |       0 |      13 |   0.0 |   918
           D:7 |       0 |    1200 |   0.0 |       0 |      19 |   0.0 |   491
           D:8 |       0 |    1648 |   0.0 |       0 |      44 |   0.0 |  1132
           D:9 |       0 |    3119 |   0.0 |       0 |      56 |   0.0 |   854
          D:10 |       0 |    4494 |   0.0 |       0 |      36 |   0.0 |   974
          D:11 |    1480 |    4164 |  26.2 |       1 |      17 |   5.6 |   600
          D:12 |       0 |    1874 |   0.0 |       0 |      12 |   0.0 |   121
       Abyss:1 |    1879 |       0 | 100.0 |       2 |       0 | 100.0 |    29
       Abyss:2 |    3155 |    3047 |  50.9 |       6 |      11 |  35.3 |   319
               +---------+---------+-------+---------+---------+-------+---------
